 Dungeon Crawl Stone Soup version 0.30-b1-2-g02819fbbbe (webtiles) character file.

Game seed: 3744460906249934481

85 Lolow the Chopper (level 4, -3/40 HPs)
             Began as a Hill Orc Fighter on May 30, 2023.
             Was a Follower of Okawaru.
             Killed from afar by an orc wizard (9 damage)
             ... with a puff of flame
             ... on level 3 of the Dungeon.
             The game lasted 00:11:08 (1556 turns).

Lolow the Chopper (Hill Orc Fighter)                Turns: 1556, Time: 00:11:08

Health: -3/40      AC:  7    Str: 20    XL:     4   Next: 48%
Magic:  4/4        EV:  9    Int:  8    God:    Okawaru [*.....]
Gold:   115        SH:  4    Dex: 10    Spells: 3/3 levels left

rFire   . . .        a - +0 war axe
rCold   . . .        c - +0 buckler
rNeg    . . .        k - +0 scale mail
rPois   .            (no helmet)
rElec   .            (no cloak)
rCorr   .            (no gloves)
SInv    .            (no boots)
Will    .....        (no amulet) Stlth
                     (no ring)
HPRegen 0.26/turn    (no ring)
MPRegen 0.09/turn

%: no passive effects
@: no status effects
A: no striking features
a: Renounce Religion, Heroism


You were on level 3 of the Dungeon.
You worshipped Okawaru.
Okawaru was aware of your devotion.
You visited 1 branch of the dungeon, and saw 3 of its levels.

You collected 115 gold pieces.

Inventory:

Hand Weapons
 a - a +0 war axe (weapon)
 b - a +0 sling
 t - a +1 trident of venom
Armour
 c - a +0 buckler (worn)
 k - a +0 scale mail (worn)
Scrolls
 f - 2 scrolls of vulnerability {unknown}
 h - 2 scrolls of immolation
 i - a scroll of teleportation {unknown}
 l - 2 scrolls of enchant weapon {unknown}
 n - a scroll of silence {unknown}
 o - 2 scrolls of poison {unknown}
 q - 3 scrolls of identify {unknown}
 s - a scroll of fog {unknown}
Potions
 d - 2 potions of might
 e - a potion of flight {unknown}
 g - a potion of brilliance {unknown}
 j - a potion of degeneration {unknown}
 m - a potion of attraction {unknown}
 p - 2 potions of berserk rage {unknown}
 r - 2 potions of curing {unknown}


   Skills:
 + Level 4.2 Fighting
 * Level 4.3 Axes
 + Level 3.8 Armour
 + Level 3.8 Shields


You had 3 spell levels left.
You didn't know any spells.
Your spell library was empty.

Dungeon Overview and Level Annotations

Branches:
Dungeon (3/15)

Altars:
Okawaru

Shops:
D:1 [


Message History

Items here: ) ? [ ††.
The orc attacks as you move away! You block the orc's attack.
The orc attacks as you move away! The orc hits you with a +0 mace.
* * * LOW HITPOINT WARNING * * *
The orc attacks as you move away! The orc closely misses you.
You barely miss the orc.
The orc is lightly wounded.
The orc hits you but does no damage. Something hits you but does no damage.
You block the orc's attack.
You hit the orc.
The orc is heavily wounded.
You hit something. Something hits you.
* * * LOW HITPOINT WARNING * * *
You block the orc's attack. Something hits you but does no damage.
You slash the orc!
You kill the orc!
Okawaru accepts your kill.
You barely miss the orc. You miss something. You block something's attack.
The orc barely misses you.
You closely miss the orc.
The orc is heavily wounded.
You completely miss something.
You hear some strange, mumbled words.
Something tries to affect you, but you resist.
The orc hits you but does no damage. The orc hits you with a +0 mace.
* * * LOW HITPOINT WARNING * * *
Something hits you but does no damage.
You slash something! You completely miss the orc. Something hits you.
* * * LOW HITPOINT WARNING * * *
You block the orc's attack.
You barely miss something. You hit the orc.
You kill the orc!
Okawaru accepts your kill. Something hits you but does no damage.
You hit something.
You hear some strange, mumbled words.
A puff of flame appears from out of thin air!
The puff of flame hits you!
You die...

# #........#......
##.......####.#...............
........#.............#.#..#.
#...... #.##.##'##....)..>...
.....# #.##.##.##...##.#....
#.... #....##.##...##.#....
#... ####......######..>...
#######)####...).....# ###.##.
........)......)@....# #####
...............{.....# ..#
.....................####...#
............................+
............................#
........############........#
........# ....#.....#
........# ......#.....+
#######.# ........#.....#


There were no monsters in sight!

Vanquished Creatures
  2 adders (D:3)
  A worm (D:2)
  5 orcs (D:3)
  5 ball pythons
  4 endoplasms
  A giant cockroach (D:2)
  A goblin (D:1)
  8 hobgoblins
  9 jackals (D:1)
  2 quokkas
  5 bats
  2 frilled lizards
  2 kobolds
  3 rats
50 creatures vanquished.

Notes
Turn   | Place    | Note
-------+----------+-------------------------------------------
     0 | D:1      | Lolow the Hill Orc Fighter began the quest for the Orb.
     0 | D:1      | Reached XP level 1. HP: 19/19 MP: 1/1
    45 | D:1      | Reached XP level 2. HP: 23/27 MP: 2/2
    95 | D:1      | Found a faded altar of an unknown god.
   117 | D:1      | Prayed at the altar of an unknown god.
   117 | D:1      | Became a worshipper of Warmaster Okawaru
   117 | D:1      | Reached * piety under Okawaru
   432 | D:1      | Reached XP level 3. HP: 33/33 MP: 3/3
   569 | D:1      | Found Iwkomn's Armour Boutique.
  1465 | D:3      | Reached XP level 4. HP: 39/40 MP: 4/4
  1483 | D:3      | Found Urril's Antique Weapon Shop.
  1556 | D:3      | Killed from afar by an orc wizard

Illustrated notes

Levels and vault maps discovered:
D:1:      shiori_shiawase, layout_basic, serial_shops, shop,
          shapermc_ecumenical_altar_starsandcircs, kennysheep_crisscross
D:2:      layout_rooms
D:3:      layout_basic, gammafunk_temple_overflow_forgotten, vehumet_statue,
          serial_shops, shop, kennysheep_generic_room_15

Skill      XL: |  1  2  3 |
---------------+----------+-----
Axes           | 3 4 |  4.3
Fighting       | 4 |  4.2
Armour         | |  3.8
Shields        | |  3.8

Action                     |  1- 3 |  4- 6 || total
---------------------------+-------+-------++-------
  Melee: War axe           |   120 |    24 ||   144
   Fire: Sling             |    20 |     6 ||    26
 Invoke: Heroism           |       |     1 ||     1
    Use: Scroll            |     1 |       ||     1
 Armour: Scale mail        |    73 |    24 ||    97
  Dodge: Dodged            |    80 |    26 ||   106
  Block: Buckler           |    27 |    12 ||    39
